 Dungeon Crawl Stone Soup version 0.31-a0-986-g5e6e4ef867 (webtiles) character file.

Game seed: 13325137058762489457

156 Zonian the Conjurer (level 5, -2/28 HPs)
             Began as a Deep Elf Conjurer on Nov 13, 2023.
             Shot with an arrow by a centaur (5 damage)
             ... on level 3 of the Dungeon.
             The game lasted 00:03:31 (3012 turns).

Zonian the Conjurer (Deep Elf Conjurer)             Turns: 3012, Time: 00:03:31

Health: -2/28      AC:  3    Str:  3    XL:     5   Next: 14%
Magic:  11/13      EV: 13    Int: 29    God:
Gold:   124        SH:  0    Dex: 12    Spells: 9/12 levels left

rFire   . . .        c - +0 whip {mace}
rCold   . . .        (no shield)
rNeg    . . .        a - +0 robe
rPois   .            (no helmet)
rElec   .            (no cloak)
rCorr   .            (no gloves)
SInv    +            k - +0 pair of boots
Will    .....        (no amulet)
Stlth   ++           l - ring of see invisible
HPRegen 0.24/turn    (no ring)
MPRegen 0.13/turn

%: no passive effects
@: hasted, very quick
A: clever 1
a: no special abilities


You were on level 3 of the Dungeon.
You visited 1 branch of the dungeon, and saw 3 of its levels.

You collected 124 gold pieces.


Innate Abilities, Weirdness & Mutations

Your mind is acute. (Int +4, Str/Dex -1)


   Skills:
 + Level 3.8 Dodging
 + Level 4.0 Stealth
 + Level 4.4 Spellcasting
 + Level 5.2 Conjurations


You had 9 spell levels left.
You knew the following spells:

 Your Spells              Type           Power      Damage    Failure   Level
a - Magic Dart            Conj           100%       1d8       1%          1
b - Searing Ray           Conj           72%        2d7       1%          2

Your spell library contained the following spells:

 Spells                   Type           Power      Damage    Failure   Level
 Dazzling Flash           Conj/Hex       42%        N/A       7%          3
 Fulminant Prism          Conj/Hex       10%        3d9       22%         4
 Iskenderun's Mystic Bla  Conj/Tloc      21%        2d6       22%         4

Inventory:

Hand Weapons
 c - a +0 whip (weapon) {mace}
   (You took it off a kobold on level 1 of the Dungeon)
 j - a +0 vampiric dagger {short}
   (You took it off a goblin on level 2 of the Dungeon)
 n - a +1 heavy mace {mace}
   (You found it on level 2 of the Dungeon)
Armour
 a - a +0 robe (worn)
 k - a +0 pair of boots (worn)
   (You found it on level 2 of the Dungeon)
Jewellery
 l - a ring of see invisible (left hand)
   (You found it on level 2 of the Dungeon)
 m - the amulet of the Duke {Faith Stlth+}
   (You found it on level 2 of the Dungeon)

   [amulet of faith]

   Faith:     It allows you to gain divine favour quickly.
   Stlth+:    It makes you more stealthy.
Potions
 b - a potion of magic
 e - a potion of cancellation {unknown}
 f - a potion of haste {@q3}
 g - a potion of ambrosia {unknown}
 h - a potion of degeneration {unknown}
 i - a potion of curing {unknown}
 p - a potion of might {unknown}

Dungeon Overview and Level Annotations

Branches:
Dungeon (3/15) Zot: 14988

Altars:

Annotations:
D:2 Sigmund

***,,,,,***,,,,,,* *,* *,,,,_
***,,,*,,#,,>***,***,# *,,,,,
,,,,,,**,..,*##,,,##.# *,,,,,
,,,,*,***,#.##.,*,.#.# *,,,,,
*****,,,,,,<...#*#...# *,***,
*********!#.##..#..#####
*,,,,,
,,,,,,,,,.#.###.<.######
****,,
*********##.####.####### *,*
##.####@####### *,,
##.####.####### ***
*******##.####.####### *
*,,,,,,.....##)####### *
*,*****##.#.##.####### *
*,*****##.#r##c#######****** *
*,,,,,,......#........,,,,,* *
***,****,.".......######****,*
* ,,,,,,,,,.c....##.######*
*,* *


You could see a centaur.


Message History

You open the door.
There is an open door here.
A goblin comes into view. It is wielding a +0 dagger. 😎 MP[+2]
Your mp is fully restored (13).
The magic dart hits the goblin.
You kill the goblin! 😎 MP[-1]
You lost 1 mp, and now have 12/13 mp.
You can't see any susceptible monsters within range! (Use Z to cast anyway.)
You can't see any susceptible monsters within range! (Use Z to cast anyway.) Unknown command.
A rat comes into view. 😎 MP[+1]
Your mp is fully restored (13).
A rat is nearby!
The magic dart hits the rat. 😎 MP[-1]
You lost 1 mp, and now have 12/13 mp.
The magic dart hits the rat.
You kill the rat! 😎 MP[-1]
You lost 1 mp, and now have 11/13 mp.
You can't see any susceptible monsters within range! (Use Z to cast anyway.)
You can't see any susceptible monsters within range! (Use Z to cast anyway.) Unknown command.
You see here a +0 dagger {short}.
Sigmund the Dreaded comes into view.
He is wielding a +0 scythe. 😎 MP[+2]
Your mp is fully restored (13).
You see here a +0 dagger {short}.
There is an open door here.
There is a stone staircase leading down here.
There is a stone staircase leading down here.
You climb downwards.
Found a scroll labelled GIRPHE TIBBESMA.
Found a stone staircase leading up.
There is a stone staircase leading up here.
Unknown command.
r - a scroll labelled GIRPHE TIBBESMA Unknown command.
As you read the scroll labelled ZUCLEE MAGHY, it crumbles to dust.
You hear a loud clanging noise!
It was a scroll of noise.
You hear a shout! x2; You hear an angry hiss.
You hear a shout!
Unknown command.
As you read the scroll labelled NASKIM TETZO, it crumbles to dust.
The air around you briefly surges with heat, but it dissipates.
It was a scroll of immolation.
As you read the scroll labelled GIRPHE TIBBESMA, it crumbles to dust.
You feel aware of your surroundings.
You sensed 1 altar.
It was a scroll of revelation.
An orc and a rat come into view.
Unknown command.
You can't see any susceptible monsters within range! (Use Z to cast anyway.)
You can't see any susceptible monsters within range! (Use Z to cast anyway.)
You can't see any susceptible monsters within range! (Use Z to cast anyway.)
You can't see any susceptible monsters within range! (Use Z to cast anyway.)
The magic dart hits the rat!
You kill the rat! 😎 MP[-1]
You lost 1 mp, and now have 12/13 mp.
The magic dart hits the orc. 😎 MP[-1]
You lost 1 mp, and now have 11/13 mp.
The magic dart hits the orc. 😎 MP[-1]
You lost 1 mp, and now have 10/13 mp.
The magic dart hits the orc.
You kill the orc! 😎 MP[-1]
You lost 1 mp, and now have 9/13 mp.
You can't see any susceptible monsters within range! (Use Z to cast anyway.) Unknown command.
Things that are here:
a +0 club {mace}; a +0 leather armour; 😎 MP[+1]
An endoplasm comes into view.
A centaur comes into view.
The centaur wields a +0 orcbow.
The centaur shoots an arrow.
The arrow hits you! 😮 HP[-11]
You take 11 damage, and now have 17/28 hp.
MASSIVE DAMAGE!! (PAUSE) 😮 HP[+1]
Things that are here:
a +0 club {mace}; a +0 leather armour The centaur shoots an arrow.
The arrow hits you. 😮 HP[-3] MP[+1]
You take 3 damage, and now have 15/28 hp.
The centaur shoots an arrow.
The arrow hits you!
* * * LOW HITPOINT WARNING * * *
😱 HP[-12]
You take 12 damage, and now have 3/28 hp.
MASSIVE DAMAGE!! (PAUSE) It was a potion of haste.
You feel yourself speed up.
The centaur shoots an arrow.
The arrow barely misses you.
It was a potion of mutation.
You feel extremely strange.
You feel clever.
The centaur shoots an arrow.
The arrow hits you.
You die...

Skill      XL: |  1  2  3  4 |
---------------+-------------+-----
Stealth        | 3 4 |  4.0
Dodging        | 3 |  3.8
Spellcasting   | 4 |  4.4
Conjurations   | 5 |  5.2

Action                     |  1- 3 |  4- 6 || total
---------------------------+-------+-------++-------
   Cast: Magic Dart        |    62 |    43 ||   105
         Searing Ray       |     1 |     4 ||     5
    Use: Scroll            |       |     3 ||     3
         Potion            |       |     2 ||     2
 Armour: Robe              |     2 |     4 ||     6
  Dodge: Dodged            |     5 |     1 ||     6

Levels and vault maps discovered:
D:1:      dpeg_arrival_rooms_c, layout_basic
D:2:      minmay_skewed_foursquare, layout_basic, minmay_split_cup_small,
          uniq_sigmund, uniq_natasha
D:3:      layout_loops_ring, nicolae_qazlal_scattered_showers, uniq_grinder,
          uniq_robin

Notes
Turn   | Place    | Note
-------+----------+-------------------------------------------
     0 | D:1      | Zonian the Deep Elf Conjurer began the quest for the Orb.
     0 | D:1      | Reached XP level 1. HP: 10/10 MP: 6/6
     0 | D:1      | magus.rc [v1.9.6]
   270 | D:1      | Reached XP level 2. HP: 15/15 MP: 5/8
   905 | D:1      | Reached skill level 3 in Stealth
  1399 | D:2      | Reached XP level 3. HP: 12/19 MP: 3/10
  1402 | D:2      | Learned a level 2 spell: Searing Ray
  1677 | D:2      | Reached skill level 3 in Dodging
  1825 | D:2      | Identified the amulet of the Duke {Faith Stlth+}
  1871 | D:2      | Noticed Natasha
  1873 | D:2      | Killed Natasha
  1874 | D:2      | Reached XP level 4. HP: 24/24 MP: 8/11
  2035 | D:2      | Reached skill level 4 in Spellcasting
  2035 | D:2      | Reached skill level 5 in Conjurations
  2466 | D:2      | Noticed Natasha
  2470 | D:2      | Killed Natasha
  2470 | D:2      | Noticed Natasha
  2485 | D:2      | Killed Natasha
  2486 | D:2      | Reached skill level 4 in Stealth
  2486 | D:2      | Reached XP level 5. HP: 28/28 MP: 3/13
  2943 | D:2      | Noticed Sigmund
  3004 | D:3      | Noticed a centaur
  3010 | D:3      | HP: 3/28 [centaur/arrow (13)]
  3012 | D:3      | Gained mutation: Your mind is acute. (Int +4, Str/Dex -1)
                  | [potion of mutation]
  3012 | D:3      | Shot with an arrow by a centaur

Vanquished Creatures
  Natasha (thrice) (D:2)
  2 adders (D:2)
  A worm (D:2)
  An orc (D:3)
  4 ball pythons
  3 bats (D:1)
  7 endoplasms
  5 goblins
  5 hobgoblins
  6 jackals (D:2)
  A quokka (D:1)
  3 frilled lizards
  9 kobolds
  5 rats
55 creatures vanquished.

Table legend:
 A = Non-vault XP
 B = Vault XP
 C = Vault XP percentage of total XP
 D = Non-vault monster count
 E = Vault monster count
 F = Vault count percentage of total count
                 A         B        C        D         E       F
            +---------+---------+-------+---------+---------+-------
      Total |     171 |      52 |  23.3 |      46 |       9 |  16.4
            +---------+---------+-------+---------+---------+-------
        D:1 |      30 |       0 |   0.0 |      19 |       0 |   0.0
        D:2 |     137 |      52 |  27.5 |      25 |       9 |  26.5
        D:3 |       4 |       0 |   0.0 |       2 |       0 |   0.0
            +---------+---------+-------+---------+---------+-------

Skill      XL: |  1  2  3  4 |
---------------+-------------+-----
Stealth        | 3 4 |  4.0
Dodging        | 3 |  3.8
Spellcasting   | 4 |  4.4
Conjurations   | 5 |  5.2

Action                     |  1- 3 |  4- 6 || total
---------------------------+-------+-------++-------
   Cast: Magic Dart        |    62 |    43 ||   105
         Searing Ray       |     1 |     4 ||     5
    Use: Scroll            |       |     3 ||     3
         Potion            |       |     2 ||     2
 Armour: Robe              |     2 |     4 ||     6
  Dodge: Dodged            |     5 |     1 ||     6

Illustrated notes

Table legend:
 A = Kills in this place as a percentage of kills in the entire game.
 B = Kills by you in this place as a percentage of kills by you in the entire game.
 C = Kills by friends in this place as a percentage of kills by friends in the entire game.
 D = Other kills in this place as a percentage of other kills in the entire game.
 E = Experience gained in this place as a percentage of experience gained in the entire game.
 F = Experience gained in this place divided by the number of levels of this place that you have seen.
                   A       B       C       D       E      F
               +-------+-------+-------+-------+-------+----------------------
         Total | 100.0 | 100.0 |   N/A |   N/A | 100.0 |  74.3
       Dungeon | 100.0 | 100.0 |   N/A |   N/A | 100.0 |  74.3
               +-------+-------+-------+-------+-------+----------------------

Table legend: (Time is in decaauts)
 A = Elapsed time spent in this place.
 B = Non-inter-level travel time spent in this place.
 C = Inter-level travel time spent in this place.
 D = Time resting spent in this place.
 E = Time spent auto-exploring this place.
 F = Levels seen in this place.
 G = Mean time per level.
                   A        B        C        D        E       F      G
               +--------+--------+--------+--------+--------+-----+--------+
         Total |   3010 |   2961 |     49 |    815 |   1850 |   3 | 1003.3 |
       Dungeon |   3010 |   2961 |     49 |    815 |   1850 |   3 | 1003.3 |
               +--------+--------+--------+--------+--------+-----+--------+

Top non-repeatable levels by time:
     D:2: 1726 daAuts
     D:1: 1250 daAuts
     D:3: 33 daAuts
